 Dungeon Crawl Stone Soup version 0.27-a0-1149-g4505690ab0 (webtiles) character file.

Game seed: 14161063118869737230

1886 riro the Digger (level 9, -1/49 HPs)
             Began as a Gargoyle Earth Elementalist on May 13, 2021.
             Slain by a two-headed ogre
             ... wielding a +0 giant spiked club
              (16 damage)
             ... on level 7 of the Dungeon.
             The game lasted 00:13:12 (7688 turns).

riro the Digger (Gargoyle Earth Elementalist)       Turns: 7688, Time: 00:13:13

Health: -1/49      AC: 15    Str: 13    XL:     9   Next: 14%
Magic:  9/17       EV: 12    Int: 18    God:
Gold:   130        SH:  0    Dex: 10    Spells: 10/19 levels left

rFire    . . .     SeeInvis .   o - +0 mace (protect)
rCold    . . .     Faith    .   (no shield)
rNeg     + . .     Spirit   .   m - +0 steam dragon scales
rPois    ∞         Reflect  .   d - +1 helmet
rElec    +         Harm     .   (no cloak)
rCorr    .         Rampage  .   (no gloves)
Will     .....                  c - +0 pair of boots
Stlth    ++........             (no amulet)
HPRegen  0.16/turn              (no ring)
MPRegen  0.15/turn              (no ring)

@: no status effects
A: sickness immunity, AC +6, negative energy resistance 1, electricity
resistance, torment resistance 1, petrification resistance
a: no special abilities


You were on level 7 of the Dungeon.
You visited 2 branches of the dungeon, and saw 9 of its levels.

You collected 226 gold pieces.
You spent 96 gold pieces at shops.

Inventory:

Hand Weapons
 o - a +0 mace of protection (weapon)
 q - a +2 dire flail of holy wrath
 w - a +0 morningstar
Missiles
 b - 99 stones
 t - 6 curare-tipped darts
 x - a throwing net
Armour
 c - a +0 pair of boots (worn)
 d - a +1 helmet (worn)
 m - +0 steam dragon scales (worn)
Scrolls
 a - a scroll of teleportation
 g - a scroll of brand weapon
 h - a scroll of summoning
 u - a scroll of enchant weapon
Potions
 e - 2 potions of flight
 f - a potion of haste {unknown}
 i - 6 potions of curing
 j - 2 potions of lignification
 k - 2 potions of resistance
 l - a potion of berserk rage
 p - a potion of invisibility {unknown}
 r - 2 potions of brilliance
 s - 2 potions of magic
 v - 2 potions of attraction {unknown}


   Skills:
 + Level 2.8 Fighting
 + Level 2.7 Maces & Flails
 + Level 3.0 Armour
 + Level 2.8 Dodging
 - Level 2.1 Stealth
 + Level 5.6 Spellcasting
 + Level 5.8 Conjurations
 - Level 0.7 Transmutations
 + Level 7.9 Earth Magic


You had 10 spell levels left.
You knew the following spells:

 Your Spells              Type           Power      Damage    Failure   Level
a - Sandblast             Erth           66%        2d15      1%          1
b - Stone Arrow           Conj/Erth      58%        3d10      2%          3
c - Lee's Rapid Deconstr  Erth           16%        3d11*     13%         5

Your spell library contained the following spells:

 Spells                   Type           Power      Damage    Failure   Level
 Passwall                 Tmut/Erth      16%        N/A       3%          2
 Petrify                  Tmut/Erth      20%        N/A       22%         4


Dungeon Overview and Level Annotations

Branches:
Dungeon (8/15)             Temple (1/1) D:4
   Lair: D:8-11

Altars:
Ashenzari
Dithmenos
Elyvilon
Fedhas
Gozag
Hepliaklqana
Kikubaaqudgha
Makhleb
Nemelex Xobeh
Okawaru
Qazlal
Ru
Sif Muna
Wu Jian
Xom
Yredelemnul
Zin
The Shining One

Shops:
D:6 !


Innate Abilities, Weirdness & Mutations

You are immune to sickness and miasma.
Your stone body is resilient. (AC +6)
You are immune to poison.
You resist negative energy. (rN+)
You are resistant to electric shocks. (rElec)
You are resistant to unholy torment.
You are immune to petrification.


Message History

Casting: Sandblast (safe; 1% risk of failure)
Confirm with . or Enter, or press ? or * to list all spells.
The spell is quite dangerous to cast (14% risk of failure)!
Continue anyway?
Aiming: Lee's Rapid Deconstruction (quite dangerous; 14% risk of failure)
Press: ? - help, Dir - move target, f - two-headed ogre Fragment what (e.g. wall or brittle monster)?: a two-headed ogre, wielding a +0 giant spiked club and a +0 giant club An open door.
The stone door frame shatters!
The blast of rock fragments hits the two-headed ogre!
The two-headed ogre is lightly wounded.
The blast of rock fragments hits the bullfrog!!
You kill the bullfrog!
Your Armour skill increases to level 3!
Unknown command.
Casting: Lee's Rapid Deconstruction (quite dangerous; 13% risk of failure)
Confirm with . or Enter, or press ? or * to list all spells.
Aiming: Sandblast (safe; 1% risk of failure)
Press: ? - help, Shift-Dir - straight line, f/p - two-headed ogre
Aim: a two-headed ogre, wielding a +0 giant spiked club and a +0 giant club (lightly wounded, 91% to hit)
The blast of sand misses the two-headed ogre.
The two-headed ogre hits you with a +0 giant spiked club!
The two-headed ogre closely misses you.
Casting: Sandblast (safe; 1% risk of failure)
Confirm with . or Enter, or press ? or * to list all spells.
Aiming: Sandblast (safe; 1% risk of failure)
Press: ? - help, Shift-Dir - straight line, f/p - two-headed ogre
Aim: a two-headed ogre, wielding a +0 giant spiked club and a +0 giant club (lightly wounded, 91% to hit)
The blast of sand hits the two-headed ogre!
The two-headed ogre is heavily wounded.
Unknown command.
Casting: Sandblast (safe; 1% risk of failure)
Confirm with . or Enter, or press ? or * to list all spells.
Aiming: Sandblast (safe; 1% risk of failure)
Press: ? - help, Shift-Dir - straight line, f/p - two-headed ogre
Aim: a two-headed ogre, wielding a +0 giant spiked club and a +0 giant club (heavily wounded, 91% to hit)
The blast of sand hits the two-headed ogre!
The two-headed ogre is severely wounded.
The two-headed ogre hits you with a +0 giant spiked club!
The two-headed ogre hits you with a +0 giant club!
You die...

#.. #.# #.......#. #
#.# #.# ...>......
#.##.###<###.......##
#........##......)..#
####.##### #.#.#.#.#
#.## #..$...## #..##
##.......##
##...####.........#
#.....@O'.........+
##...####.........#
#..## ##.......##
#.## ##.....## #.#
##...## #.. #+## ##


You could see a two-headed ogre.

Vanquished Creatures
  A steam dragon (D:6)
  Edmund (D:4)
  A water moccasin (D:6)
  An orc warrior (D:6)
  2 black bears
  A necrophage (D:5)
  A centaur (D:7)
  4 ogres
  2 bullfrogs
  A scorpion (D:6)
  2 wyvern skeletons
  4 hounds
  A centaur skeleton (D:7)
  An orc priest (D:4)
  2 iguanas
  An orc wizard (D:4)
  3 gnolls (D:4)
  7 adders
  4 ufetubi
  2 worms (D:2)
  3 dart slugs
  19 orcs
  10 bats
  6 endoplasms
  A giant cockroach (D:4)
  6 goblins
  4 hobgoblins
  10 jackals (D:2)
  4 kobolds
  4 quokkas
  10 ball pythons
  4 frilled lizards
  6 rats
129 creatures vanquished.

Vanquished Creatures (collateral kills)
  A giant cockroach (D:3)
1 creature vanquished.

Grand Total: 130 creatures vanquished

Notes
Turn   | Place    | Note
-------+----------+-------------------------------------------
     0 | D:1      | riro the Gargoyle Earth Elementalist began the quest for
                  | the Orb.
     0 | D:1      | Reached XP level 1. HP: 10/10 MP: 3/3
   270 | D:1      | Reached skill level 4 in Earth Magic
   270 | D:1      | Reached XP level 2. HP: 15/15 MP: 3/5
   687 | D:1      | Found a faded altar of an unknown god.
   705 | D:1      | Reached XP level 3. HP: 12/19 MP: 6/6
   709 | D:1      | Learned a level 3 spell: Stone Arrow
  1307 | D:2      | Reached skill level 1 in Conjurations
  1665 | D:2      | Found a basalt altar of Yredelemnul.
  1680 | D:2      | Reached XP level 4. HP: 24/24 MP: 8/8
  2491 | D:3      | Reached skill level 5 in Earth Magic
  2775 | D:3      | Reached XP level 5. HP: 25/28 MP: 9/9
  2854 | D:3      | Learned a level 5 spell: Lee's Rapid Deconstruction
  3036 | D:3      | Found a blossoming altar of Fedhas.
  3036 | D:3      | Found a hazy altar of Hepliaklqana.
  3437 | D:4      | Noticed Edmund
  3463 | D:4      | Killed Edmund
  3464 | D:4      | Reached XP level 6. HP: 20/32 MP: 3/11
  4035 | D:4      | Found a staircase to the Ecumenical Temple.
  4052 | Temple   | Entered the Ecumenical Temple
  4251 | D:4      | Reached skill level 6 in Earth Magic
  4881 | D:5      | Entered Level 5 of the Dungeon
  4900 | D:5      | Reached XP level 7. HP: 33/36 MP: 13/13
  5477 | D:5      | Reached skill level 7 in Earth Magic
  5751 | D:5      | Reached skill level 5 in Spellcasting
  5968 | D:5      | Reached XP level 8. HP: 42/42 MP: 8/15
  6191 | D:5      | Found a glowing golden altar of the Shining One.
  6255 | D:6      | Found Ikhlodin's Distillery.
  6266 | D:6      | Bought a potion of heal wounds for 60 gold pieces
  6266 | D:6      | Bought a potion of curing for 36 gold pieces
  6297 | D:6      | Reached skill level 1 in Armour
  6297 | D:6      | Reached skill level 5 in Conjurations
  6303 | D:6      | Reached skill level 1 in Fighting
  6303 | D:6      | Reached skill level 1 in Maces & Flails
  6352 | D:6      | You fall into a shaft and drop 2 floors!
  7225 | D:6      | Reached XP level 9. HP: 27/49 MP: 9/17
  7675 | D:7      | Noticed a two-headed ogre
  7688 | D:7      | Slain by a two-headed ogre

Illustrated notes

Levels and vault maps discovered:
D:1:      lemuel_arrival_muddy, layout_loops_ring,
          hellmonk_ecumenical_altar_run_dry
D:2:      layout_rooms, basic_altar, minmay_tetromino_s2
D:3:      layout_basic, gammafunk_temple_overflow_elements
D:4:      layout_loops_ring, minmay_temple_entry_crystal_x, uniq_edmund
D:5:      layout_loops_ring, lemuel_coloured_pillars_altar
D:6:      layout_rooms, serial_curves, eino_curves_02, eino_curves_04,
          serial_shops, nicolae_shop_crystal
D:7:      layout_loops_corners, kennysheep_little_box, serial_shops, shop,
          chequers_avenue, abandoned_shop, st_stairs_4, chequers_garden
D:8:      layout_loops_cross, nicolae_uskayaw_suspiria,
          grunt_temple_overflow_open, hellmonk_ghost_happy_afterlife
Temple:   regret_index_temple_waves

Skill      XL: |  1  2  3  4  5  6  7  8  9 |
---------------+----------------------------+-----
Earth Magic    | 4 5 6 7 |  7.9
Conjurations   | 1 2 3 4 5 |  5.8
Spellcasting   | 3 4 5 |  5.6
Armour         | 2 3 |  3.0
Fighting       | 2 |  2.8
Maces & Flails | 2 |  2.7
Dodging        | 2 |  2.8
Stealth        | |  2.1
Transmutations | |  0.7

Action                   |  1- 3 |  4- 6 |  7- 9 || total
-------------------------+-------+-------+-------++-------
Melee: Unarmed           |     7 |       |       ||     7
       Whip              |    63 |       |       ||    63
       Mace              |     7 |   169 |    80 ||   256
 Cast: Sandblast         |    36 |    28 |    39 ||   103
       Stone Arrow       |       |     4 |    23 ||    27
       Lee's Rapid Decon |       |       |     2 ||     2
Evoke: Wand              |       |       |     3 ||     3
  Use: Scroll            |       |    10 |    11 ||    21
       Potion            |       |     1 |     3 ||     4
 Stab: Sleeping          |     2 |     3 |       ||     5
Armor: Robe              |    55 |   101 |    64 ||   220
       Steam dragon scal |       |       |     6 ||     6
Dodge: Dodged            |    78 |   164 |   115 ||   357

Table legend: (Time is in decaauts)
 A = Elapsed time spent in this place.
 B = Non-inter-level travel time spent in this place.
 C = Inter-level travel time spent in this place.
 D = Time resting spent in this place.
 E = Time spent auto-exploring this place.
 F = Levels seen in this place.
 G = Mean time per level.
                   A        B        C        D        E       F      G
               +--------+--------+--------+--------+--------+-----+--------+
         Total |   7819 |   7586 |    233 |    901 |   5299 |   9 |  868.8 |
       Dungeon |   7681 |   7506 |    175 |    901 |   5220 |   8 |  960.1 |
        Temple |    137 |     80 |     57 |      0 |     78 |   1 |  137.0 |
               +--------+--------+--------+--------+--------+-----+--------+

Top non-repeatable levels by time:
     D:4: 1626 daAuts
     D:5: 1395 daAuts
     D:1: 1293 daAuts
     D:6: 1213 daAuts
     D:2: 1015 daAuts
     D:3: 893 daAuts
     D:7: 241 daAuts
  Temple: 137 daAuts
     D:8: 3 daAuts
